Map: Cosmic Sapphire

Players

Harstem

  • Race: Protoss Protoss
  • Spawn Location: 11:00

herO - Winner!

  • Race: Protoss Protoss
  • Spawn Location: 5:00

Event: DreamHack SC2 Masters 2022 Atlanta (Offline)

VOD

Have the link to the VOD?

Description

Time

  • Played on: Nov. 18, 2022, 5:46 p.m.
  • Length: 5:53

All games in this series

Show
View Real Time Build Order
Export as new Build Order

Harstem Protoss 

Build Orders: Phoenix Opening 

Get SALT Encoding   

  12  0:00  Probe  
  13  0:12  Probe  
  14  0:17  Pylon  
  14  0:24  Probe (Chrono Boost)  
  15  0:36  Gateway, Probe (Chrono Boost)  
  16  0:44  Probe (Chrono Boost)  
  16  0:48  Assimilator  
  17  0:51  Probe  
  17  0:54  Assimilator  
  18  1:03  Probe (Chrono Boost)  
  19  1:07  Gateway  
  20  1:12  Probe (Chrono Boost)  
  20  1:17  Probe (Chrono Boost)  
  20  1:23  Cybernetics Core  
  21  1:29  Probe  
  21  1:32  Pylon  
  22  1:41  Probe  
  23  1:53  Probe  
  24  1:56  Warp Gate (Chrono Boost)  
  24  1:59  Sentry  
  28  2:12  Nexus  
  28  2:14  Probe  
  27  2:21  Stalker  
  29  2:27  Pylon  
  29  2:36  Stalker  
  31  2:37  Phoenix  
  31  2:45  Probe  
  31  2:48  Shield Battery  
  32  2:54  Sentry  
  32  2:58  Probe  
  35  3:00  Shield Battery  
  35  3:10  Probe  
  38  3:22  Probe (Chrono Boost)  
  38  3:25  Probe (Chrono Boost)  
  40  3:29  Twilight Council  
  41  3:34  Probe (Chrono Boost)  
  41  3:35  Shield Battery  
  41  3:36  Probe (Chrono Boost)  
  41  3:41  Probe x2 (Chrono Boost)  
  41  3:44  Stalker x2  
  46  3:48  Probe  
  46  3:55  Probe  
  46  4:00  Probe  
  45  4:07  Probe  
  45  4:09  Stalker  
  48  4:10  Stalker  
  48  4:13  Pylon  
  48  4:14  Probe  
  51  4:20  Probe  
  51  4:23  Robotics Facility  
  52  4:25  Pylon  
  52  4:27  Probe  
  52  4:30  Shield Battery  
  53  4:34  Probe  
  54  4:39  Probe  
  54  4:41  Pylon  
  55  4:46  Adept x2, Probe  
  55  4:51  Probe, Assimilator  
  61  4:54  Shield Battery  
  58  5:06  Probe  
  59  5:08  Stalker x2  
  59  5:09  Shield Battery  
  68  5:19  Shield Battery  
  68  5:20  Probe  
  68  5:22  Probe  
  69  5:29  Pylon  
  69  5:34  Stalker x2  
  65  5:38  Probe  
Show
View Real Time Build Order
Export as new Build Order

herO Protoss - Winner!

Build Orders: Blink Stalkers 

Get SALT Encoding   

  12  0:00  Probe  
  13  0:12  Probe  
  14  0:16  Pylon  
  14  0:24  Probe (Chrono Boost)  
  16  0:36  Probe (Chrono Boost), Gateway  
  16  0:43  Probe (Chrono Boost)  
  16  0:46  Assimilator  
  17  0:50  Probe  
  17  0:53  Assimilator  
  18  1:02  Probe (Chrono Boost)  
  19  1:07  Gateway  
  20  1:12  Probe (Chrono Boost)  
  20  1:17  Probe (Chrono Boost)  
  20  1:23  Cybernetics Core  
  21  1:29  Probe  
  22  1:32  Pylon  
  22  1:41  Probe  
  23  1:57  Warp Gate (Chrono Boost)  
  23  1:59  Adept, Stalker  
  27  2:20  Nexus  
  31  2:30  Sentry x2  
  31  2:33  Pylon  
  31  2:51  Probe  
  31  2:56  Stalker x2  
  36  3:04  Probe  
  37  3:10  Twilight Council  
  37  3:16  Probe  
  37  3:17  Pylon  
  38  3:28  Probe  
  38  3:33  Probe, Pylon  
  40  3:41  Stalker x2  
  40  3:45  Probe  
  40  3:47  Probe  
  46  3:51  Blink (Chrono Boost)  
  44  3:59  Gateway  
  44  4:08  Adept  
  46  4:10  Adept  
  46  4:14  Probe  
  46  4:15  Probe  
  50  4:25  Gateway  
  50  4:26  Probe  
  50  4:27  Probe  
  52  4:34  Stalker  
  55  4:38  Probe  
  55  4:39  Probe  
  55  4:40  Stalker  
  58  4:48  Assimilator  
  58  4:50  Probe  
  58  4:51  Probe  
  60  5:02  Stalker  
  60  5:03  Stalker x2  
  60  5:06  Probe x2  
  68  5:10  Pylon  
  66  5:22  Stalker  
  66  5:27  Adept x2  
  70  5:31  Probe  
  70  5:32  Probe  
  61  5:47  Stalker x3  
  61  5:49  Stalker  
Tags
 
Add a new tag
Caveats
  • Supply blocks, unpowered buildings, or Contaminate may cause inaccurate times.
  • Supply counts are checked every 10 seconds.